[Event "EWIRCC 2019"]
[Site "Monte-Carlo"]
[Date "2019.11.30"]
[Round "1.1"]
[White "Muzychuk, Anna"]
[Black "Chigaeva, Anastasia"]
[Result "1-0"]
[ECO "C11"]
[WhiteElo "2543"]
[BlackElo "2156"]
[Annotator "ChessBase"]
[PlyCount "87"]
[EventDate "2019.11.28"]
[EventType "swiss"]
[EventCountry "MNC"]
[SourceTitle "playchess.com"]
[Source "ChessBase"]
[SourceQuality "1"]
[TimeControl "5400+30"]

1. e4 e6 2. d4 d5 3. Nc3 Nf6 4. e5 Nfd7 5. f4 c5 6. Nf3 Qb6 7. Na4 Qa5+ 8. c3 cxd4 9. b4 Qc7 10. Qxd4 Nc6 11. Qf2 a6 12. Be3 Be7 13. Bd3 f6 14. exf6 Nxf6 15. O-O O-O 16. Nb6 Rb8 17. Nxc8 Rbxc8 18. Ng5 Qd7 19. f5 e5 20. Ne6 Rf7 21. Rad1 Nd8 22. Nc5 Qc7 23. h3 Bd6 24. g4 Nd7 25. Nxd7 Qxd7 26. Bc2 Rxc3 27. Bb3 Rf8 28. Rxd5 Kh8 29. Qd2 Rc6 30. Rd1 Nf7 31. Rd3 Rd8 32. Bd5 e4 33. Bxc6 Qxc6 34. Rd5 Qc7 35. Qd4 h6 36. Bf4 Bxf4 37. Rxd8+ Nxd8 38. Qxd8+ Qxd8 39. Rxd8+ Kh7 40. Kf2 b6 41. Re8 e3+ 42. Kf3 Bd6 43. a3 a5 44. Re6 1-0

[Event "EWIRCC 2019"]
[Site "Monte-Carlo"]
[Date "2019.11.30"]
[Round "1.3"]
[White "Muzychuk, Mariya"]
[Black "Nicoara, Malina"]
[Result "1-0"]
[ECO "B04"]
[WhiteElo "2552"]
[BlackElo "2066"]
[Annotator "ChessBase"]
[PlyCount "55"]
[EventDate "2019.11.28"]
[EventType "swiss"]
[EventCountry "MNC"]
[SourceTitle "playchess.com"]
[Source "ChessBase"]
[SourceQuality "1"]
[TimeControl "5400+30"]

1. e4 Nf6 2. e5 Nd5 3. d4 d6 4. Nf3 Nb6 5. a4 a5 6. Nc3 g6 7. Be2 Bg7 8. O-O O-O 9. Bf4 Bg4 10. h3 Bxf3 11. Bxf3 d5 12. Re1 c6 13. b3 Na6 14. Qd2 Nc7 15. Bh6 Ne6 16. Rad1 Nd7 17. Bg4 Qb6 18. h4 Rfd8 19. Bxe6 fxe6 20. h5 Rf8 21. hxg6 hxg6 22. Qg5 Rf7 23. Qxg6 Nf8 24. Qg4 Kh8 25. Bg5 c5 26. Nb5 Rc8 27. Re3 Qd8 28. Nd6 1-0

[Event "EWIRCC 2019"]
[Site "Monte-Carlo"]
[Date "2019.11.30"]
[Round "1.4"]
[White "Gitu, Paula-Alexandra"]
[Black "Chiburdanidze, Maia"]
[Result "1-0"]
[ECO "A07"]
[WhiteElo "2118"]
[BlackElo "2500"]
[Annotator "ChessBase"]
[PlyCount "63"]
[EventDate "2019.11.28"]
[EventType "swiss"]
[EventCountry "MNC"]
[SourceTitle "playchess.com"]
[Source "ChessBase"]
[SourceQuality "1"]
[TimeControl "5400+30"]

1. Nf3 Nf6 2. g3 d5 3. Bg2 e6 4. O-O c6 5. d3 Nbd7 6. Nbd2 Bd6 7. e4 Qc7 8. Qe2 O-O 9. d4 e5 10. exd5 cxd5 11. dxe5 Nxe5 12. Nxe5 Bxe5 13. Nf3 Bd6 14. Nd4 Bd7 15. c3 a6 16. a4 Rae8 17. Qd3 Ne4 18. Be3 f5 19. Ne2 Be6 20. Nf4 Bxf4 21. Bxf4 Qf7 22. Be3 Rc8 23. Rfe1 Rfd8 24. f3 Nf6 25. Bd4 Ne8 26. Re5 Nd6 27. Rae1 Bd7 28. Re7 Qh5 29. Rxg7+ Kf8 30. Ree7 Bxa4 31. Rxh7 Qg5 32. Be3 1-0

[Event "EWIRCC 2019"]
[Site "Monte-Carlo"]
[Date "2019.11.30"]
[Round "1.5"]
[White "Stefanova, Antoaneta"]
[Black "Skuhala, Barbara"]
[Result "1-0"]
[ECO "C10"]
[WhiteElo "2481"]
[BlackElo "2109"]
[Annotator "ChessBase"]
[PlyCount "104"]
[EventDate "2019.11.28"]
[EventType "swiss"]
[EventCountry "MNC"]
[SourceTitle "playchess.com"]
[Source "ChessBase"]
[SourceQuality "1"]
[TimeControl "5400+30"]

1. e4 e6 2. d4 d5 3. Nd2 dxe4 4. Nxe4 Nd7 5. Bd3 Ngf6 6. c3 Be7 7. Nf3 O-O 8. O-O b6 9. Qe2 Bb7 10. Rd1 Qc8 11. h3 c5 12. Bg5 Qc7 13. Nxf6+ Nxf6 14. Bxf6 Bxf6 15. Be4 Rfd8 16. Rac1 g6 17. Qe3 Kg7 18. Rc2 cxd4 19. cxd4 Qd7 20. Rcd2 Bxe4 21. Qxe4 Qd5 22. Qxd5 Rxd5 23. Kf1 Rad8 24. Ke2 g5 25. g4 Kg6 26. Ke3 Bg7 27. Ne1 f5 28. Rd3 h5 29. f3 hxg4 30. hxg4 Rh8 31. Nc2 a5 32. R1d2 Rh3 33. Kf2 Bf6 34. Ne3 Rh2+ 35. Ng2 Be7 36. a3 Bd6 37. Kg1 Bg3 38. Ne3 Rxd2 39. Rxd2 Rb5 40. Nc4 Rb3 41. Kg2 Bf4 42. Re2 Kf6 43. Kf2 a4 44. Rc2 b5 45. Na5 Rd3 46. Nc6 Rd1 47. Ke2 Rg1 48. gxf5 exf5 49. Kd3 Rd1+ 50. Ke2 Rh1 51. Nb4 Rh2+ 52. Kd3 Rxc2 1-0

[Event "EWIRCC 2019"]
[Site "Monte-Carlo"]
[Date "2019.11.30"]
[Round "1.6"]
[White "Antova, Gabriela"]
[Black "Sebag, Marie"]
[Result "1/2-1/2"]
[ECO "D46"]
[WhiteElo "2306"]
[BlackElo "2443"]
[Annotator "NA"]
[PlyCount "84"]
[EventDate "2019.11.28"]
[EventType "swiss"]
[EventCountry "MNC"]
[SourceTitle "playchess.com"]
[Source "ChessBase"]
[SourceQuality "1"]
[TimeControl "5400+30"]

1. d4 d5 2. c4 c6 3. Nc3 Nf6 4. Nf3 e6 5. e3 Nbd7 6. Qc2 Bd6 7. Bd3 O-O 8. O-O dxc4 9. Bxc4 b5 10. Be2 Bb7 11. e4 e5 12. Bg5 exd4 13. Nxd4 Qc7 14. g3 Rfe8 15. Bf3 Be5 16. Nf5 g6 17. Nh6+ Kg7 18. Rac1 Nc5 19. Be3 Ne6 20. Rfd1 a6 21. Qb3 Qe7 22. a4 Rad8 23. axb5 axb5 24. Ne2 Rxd1+ 25. Rxd1 Rd8 26. Rxd8 Qxd8 27. Ng4 Nxg4 28. Bxg4 c5 29. Bxe6 fxe6 30. f3 Qb6 31. Nc3 c4 32. Bxb6 cxb3 33. Nxb5 Bxb2 34. Nd4 Bxd4+ 35. Bxd4+ Kf7 36. Kf2 Ke7 37. Ke3 Kd6 38. Kd2 e5 39. Bb2 Bc8 40. f4 exf4 41. gxf4 Kc5 42. Kc3 Be6 1/2-1/2

[Event "EWIRCC 2019"]
[Site "Monte-Carlo"]
[Date "2019.11.30"]
[Round "1.7"]
[White "Gunina, Valentina"]
[Black "Azimova, Karina"]
[Result "1-0"]
[ECO "C55"]
[WhiteElo "2509"]
[BlackElo "2081"]
[Annotator "ChessBase"]
[PlyCount "46"]
[EventDate "2019.11.28"]
[EventType "swiss"]
[EventCountry "MNC"]
[SourceTitle "playchess.com"]
[Source "ChessBase"]
[SourceQuality "1"]
[TimeControl "5400+30"]

1. e4 e5 2. Nf3 d6 3. Bc4 Be7 4. d3 Nf6 5. h3 O-O 6. O-O Nc6 7. a4 d5 8. exd5 Nxd5 9. Re1 Bf6 10. c3 a6 11. a5 b5 12. axb6 Nxb6 13. Bb3 Bf5 14. Bc2 Qd7 15. Bg5 Bxg5 16. Nxg5 Nd5 17. Qf3 h6 18. Ne4 Nf4 19. Ba4 Nxd3 20. Rd1 Bxe4 21. Qxe4 Nxf2 22. Rxd7 Nxe4 23. Bxc6 Ng5 1-0

[Event "EWIRCC 2019"]
[Site "Monte-Carlo"]
[Date "2019.11.30"]
[Round "1.8"]
[White "Salimova, Nurgyul"]
[Black "Cramling, Pia"]
[Result "1-0"]
[ECO "A40"]
[WhiteElo "2370"]
[BlackElo "2443"]
[Annotator "NA"]
[PlyCount "45"]
[EventDate "2019.11.28"]
[EventType "swiss"]
[EventCountry "MNC"]
[SourceTitle "playchess.com"]
[Source "ChessBase"]
[SourceQuality "1"]
[TimeControl "5400+30"]

1. c4 b6 2. Nc3 Bb7 3. d4 e6 4. a3 f5 5. Nf3 Nf6 6. g3 g6 7. Bg2 Bg7 8. O-O O-O 9. d5 Na6 10. Bf4 Nc5 11. Rc1 Nfe4 12. Be5 Qe7 13. Bxg7 Qxg7 14. Nd4 e5 15. Nxe4 Nxe4 16. Nb5 c6 17. Bxe4 cxb5 18. Bb1 bxc4 19. Rxc4 Qf7 20. Rc7 Bxd5 21. Qd2 Rfc8 22. Rfc1 Bc6 23. R1xc6 1-0

[Event "EWIRCC 2019"]
[Site "Monte-Carlo"]
[Date "2019.11.30"]
[Round "1.9"]
[White "Bodnaruk, Anastasia"]
[Black "Limanovska, Elizabete"]
[Result "1-0"]
[ECO "B23"]
[WhiteElo "2412"]
[BlackElo "2178"]
[Annotator "NA"]
[PlyCount "75"]
[EventDate "2019.11.28"]
[EventType "swiss"]
[EventCountry "MNC"]
[SourceTitle "playchess.com"]
[Source "ChessBase"]
[SourceQuality "1"]
[TimeControl "5400+30"]

1. e4 c5 2. Nc3 Nc6 3. Nge2 e5 4. Nd5 d6 5. Nec3 Be6 6. Bc4 a6 7. a4 Na5 8. d3 Ne7 9. Bg5 Nxc4 10. dxc4 f6 11. Be3 Nc6 12. O-O Be7 13. Qd2 O-O 14. a5 Nd4 15. Nb6 Rb8 16. Ncd5 f5 17. Bxd4 cxd4 18. f3 Bg5 19. Qd3 Bxd5 20. Nxd5 Qd7 21. c3 dxc3 22. Nxc3 Qe6 23. Rad1 Rbd8 24. exf5 Rxf5 25. Ne4 Be7 26. Qb3 Bf8 27. Rd5 Qf7 28. Rfd1 Rc8 29. Qd3 Rf4 30. b3 Qc7 31. Ng5 Rh4 32. Rxe5 Qc6 33. Qd5+ Qxd5 34. Rexd5 Rc5 35. Rxc5 dxc5 36. Rd7 Rd4 37. Rxb7 h6 38. Ne4 1-0

[Event "EWIRCC 2019"]
[Site "Monte-Carlo"]
[Date "2019.11.30"]
[Round "1.10"]
[White "Ayzenberg, Alena"]
[Black "Batsiashvili, Nino"]
[Result "0-1"]
[ECO "E04"]
[WhiteElo "1912"]
[BlackElo "2422"]
[Annotator "NA"]
[PlyCount "110"]
[EventDate "2019.11.28"]
[EventType "swiss"]
[EventCountry "MNC"]
[SourceTitle "playchess.com"]
[Source "ChessBase"]
[SourceQuality "1"]
[TimeControl "5400+30"]

1. d4 d5 2. c4 e6 3. Nf3 Nf6 4. g3 dxc4 5. Bg2 a6 6. a4 c5 7. O-O Nc6 8. dxc5 Qxd1 9. Rxd1 Bxc5 10. Nbd2 O-O 11. Nxc4 Ng4 12. e3 Rb8 13. a5 e5 14. h3 Be6 15. Nfd2 Rfd8 16. Bf3 Nf6 17. Bxc6 bxc6 18. Nxe5 Rd6 19. Kh2 Bb4 20. Nef3 c5 21. Rg1 Rb5 22. b3 Rxa5 23. Rxa5 Bxa5 24. Nc4 Bxc4 25. bxc4 Ne4 26. Kg2 Bc3 27. Ba3 a5 28. Rb1 Bb4 29. Bb2 f6 30. Ra1 Rd3 31. g4 Rb3 32. Ra2 a4 33. h4 a3 34. Ba1 Nd6 35. g5 Kf7 36. gxf6 gxf6 37. h5 Nxc4 38. e4 Rb2 39. Bxb2 axb2 40. Rxb2 Nxb2 41. e5 c4 42. exf6 Kxf6 43. Nd4 c3 44. Kf3 Bc5 45. Nc2 Nd3 46. Ke4 Nxf2+ 47. Kd5 Ba7 48. Kc4 Nd1 49. Kd3 Kg5 50. Ke2 Nb2 51. Kf3 Kxh5 52. Kf4 Kg6 53. Kg4 h5+ 54. Kg3 Nc4 55. Kf3 Ne3 0-1

[Event "EWIRCC 2019"]
[Site "Monte-Carlo"]
[Date "2019.11.30"]
[Round "1.11"]
[White "Bulmaga, Irina"]
[Black "Nguyen, Thao Nhi"]
[Result "1-0"]
[ECO "B04"]
[WhiteElo "2435"]
[BlackElo "1872"]
[Annotator "NA"]
[PlyCount "63"]
[EventDate "2019.11.28"]
[EventType "swiss"]
[EventCountry "MNC"]
[SourceTitle "playchess.com"]
[Source "ChessBase"]
[SourceQuality "1"]
[TimeControl "5400+30"]

1. e4 Nf6 2. e5 Nd5 3. d4 d6 4. Nf3 dxe5 5. Nxe5 c6 6. Bc4 Nd7 7. Nf3 N7f6 8. O-O Bg4 9. Be2 e6 10. h3 Bh5 11. c4 Nb6 12. b3 Be7 13. Bb2 O-O 14. Ne5 Bxe2 15. Qxe2 Nbd7 16. Nd2 c5 17. Ndf3 cxd4 18. Bxd4 Qa5 19. a3 Rfd8 20. b4 Qc7 21. Nxf7 Rf8 22. N7g5 Qc6 23. b5 Qd6 24. Rad1 e5 25. Bxe5 Qxa3 26. Bxf6 Nxf6 27. Qe6+ Kh8 28. Nf7+ Rxf7 29. Qxf7 Rf8 30. Qe6 Nh5 31. Ne5 Nf4 32. Nf7+ 1-0

[Event "EWIRCC 2019"]
[Site "Monte-Carlo"]
[Date "2019.11.30"]
[Round "1.12"]
[White "Kurapova, Olga"]
[Black "Paehtz, Elisabeth"]
[Result "0-1"]
[ECO "E21"]
[WhiteElo "1925"]
[BlackElo "2484"]
[Annotator "ChessBase"]
[PlyCount "60"]
[EventDate "2019.11.28"]
[EventType "swiss"]
[EventCountry "MNC"]
[SourceTitle "playchess.com"]
[Source "ChessBase"]
[SourceQuality "1"]
[TimeControl "5400+30"]

1. d4 e6 2. c4 b6 3. Nc3 Bb4 4. Qc2 Bb7 5. a3 Bxc3+ 6. Qxc3 Nf6 7. Nf3 c5 8. dxc5 bxc5 9. Bf4 O-O 10. Rd1 Ne4 11. Qc2 Qa5+ 12. Nd2 f5 13. f3 Nf6 14. e3 Nc6 15. Be2 e5 16. Bg3 f4 17. Bf2 fxe3 18. Bxe3 Nd4 19. Bxd4 cxd4 20. O-O Rac8 21. Ne4 Nd5 22. Nd6 Ne3 23. Qb3 Rb8 24. Rc1 Bxf3 25. Qa2 Bxg2 26. c5+ Bd5 27. Bc4 Nxc4 28. Nxc4 Qd8 29. Rxf8+ Kxf8 30. Rf1+ Kg8 0-1

[Event "EWIRCC 2019"]
[Site "Monte-Carlo"]
[Date "2019.11.30"]
[Round "1.13"]
[White "Girya, Olga"]
[Black "Johnsen, Sylvia"]
[Result "1-0"]
[ECO "D35"]
[WhiteElo "2476"]
[BlackElo "1898"]
[Annotator "ChessBase"]
[PlyCount "76"]
[EventDate "2019.11.28"]
[EventType "swiss"]
[EventCountry "MNC"]
[SourceTitle "playchess.com"]
[Source "ChessBase"]
[SourceQuality "1"]
[TimeControl "5400+30"]

1. d4 d5 2. c4 e6 3. Nc3 Nf6 4. cxd5 exd5 5. Bg5 Be7 6. e3 Nbd7 7. Bd3 h6 8. Bf4 c6 9. h3 O-O 10. Nf3 Re8 11. O-O Bf8 12. Qc2 c5 13. dxc5 Nxc5 14. Rfd1 Nxd3 15. Qxd3 Be6 16. Nb5 Re7 17. Rac1 a6 18. Nbd4 Ne4 19. Nxe6 fxe6 20. Ne5 Rc7 21. f3 Nf6 22. Rxc7 Qxc7 23. Qg6 Bd6 24. Ng4 Bxf4 25. Nxf6+ Kf8 26. Nh7+ Kg8 27. Nf6+ Kf8 28. exf4 Qb6+ 29. Kh2 gxf6 30. Qxf6+ Kg8 31. Qg6+ Kf8 32. Qxh6+ Ke7 33. Qg7+ Kd6 34. Qe5+ Kd7 35. f5 Qd6 36. fxe6+ Ke7 37. Rxd5 Qxe5+ 38. Rxe5 Rc8 1-0

[Event "EWIRCC 2019"]
[Site "Monte-Carlo"]
[Date "2019.11.30"]
[Round "1.14"]
[White "Cramling Bellon, Anna"]
[Black "Daulyte-Cornette, Deimante"]
[Result "0-1"]
[ECO "A50"]
[WhiteElo "2061"]
[BlackElo "2405"]
[Annotator "NA"]
[PlyCount "56"]
[EventDate "2019.11.28"]
[EventType "swiss"]
[EventCountry "MNC"]
[SourceTitle "playchess.com"]
[Source "ChessBase"]
[SourceQuality "1"]
[TimeControl "5400+30"]

1. d4 Nf6 2. c4 b6 3. Nf3 Bb7 4. g3 g6 5. Bg2 Bg7 6. O-O O-O 7. Nc3 Ne4 8. Qc2 Nxc3 9. bxc3 Nc6 10. e4 Na5 11. Nd2 c5 12. d5 Ba6 13. Qd3 d6 14. Re1 Qd7 15. Bf1 Qa4 16. Be2 Rab8 17. Bd1 Bxc4 18. Qf3 Qd7 19. Nxc4 Nxc4 20. a4 a6 21. Be2 b5 22. Bf4 Ne5 23. Bxe5 Bxe5 24. axb5 axb5 25. Rab1 Rb7 26. Qe3 Bg7 27. f4 b4 28. cxb4 Bd4 0-1

[Event "EWIRCC 2019"]
[Site "Monte-Carlo"]
[Date "2019.11.30"]
[Round "1.15"]
[White "Socko, Monika"]
[Black "Kazarian, Anna-Maja"]
[Result "1-0"]
[ECO "E16"]
[WhiteElo "2417"]
[BlackElo "2109"]
[Annotator "NA"]
[PlyCount "66"]
[EventDate "2019.11.28"]
[EventType "swiss"]
[EventCountry "MNC"]
[SourceTitle "playchess.com"]
[Source "ChessBase"]
[SourceQuality "1"]
[TimeControl "5400+30"]

1. d4 Nf6 2. c4 e6 3. Nf3 d5 4. g3 Bb4+ 5. Nbd2 O-O 6. Bg2 b6 7. O-O Bb7 8. Qc2 Nbd7 9. b3 a5 10. a3 Be7 11. Bb2 c5 12. cxd5 exd5 13. Rac1 a4 14. bxa4 Bc6 15. Ne5 Bxa4 16. Qc3 Rc8 17. Qd3 c4 18. Qf5 g6 19. Qf3 Re8 20. Nb1 Nxe5 21. dxe5 Ne4 22. h4 h5 23. Nc3 Nxc3 24. Qxc3 b5 25. e3 Rb8 26. e6 f6 27. Qd4 b4 28. axb4 Rxb4 29. Ba3 Rb5 30. Bxe7 Qxe7 31. Bxd5 Rd8 32. e4 Bb3 33. Ra1 Rbxd5 1-0

[Event "EWIRCC 2019"]
[Site "Monte-Carlo"]
[Date "2019.11.30"]
[Round "1.17"]
[White "Kashlinskaya, Alina"]
[Black "Tomasi, Elise"]
[Result "1-0"]
[ECO "D31"]
[WhiteElo "2486"]
[BlackElo "1984"]
[Annotator "ChessBase"]
[PlyCount "93"]
[EventDate "2019.11.28"]
[EventType "swiss"]
[EventCountry "MNC"]
[SourceTitle "playchess.com"]
[Source "ChessBase"]
[SourceQuality "1"]
[TimeControl "5400+30"]

1. d4 d5 2. c4 e6 3. Nc3 Be7 4. cxd5 exd5 5. Bf4 c6 6. e3 Bf5 7. Nge2 Nf6 8. Ng3 Bg6 9. h4 h6 10. h5 Bh7 11. Bd3 Bd6 12. Bxd6 Qxd6 13. Bxh7 Nxh7 14. Qg4 O-O 15. Qxg7+ Kxg7 16. Nf5+ Kh8 17. Nxd6 Nd7 18. O-O-O b6 19. Nf5 Rae8 20. g4 Re6 21. f3 Ng5 22. Rhf1 Kh7 23. Ne2 Nf6 24. Nf4 Ree8 25. Kb1 Rc8 26. Rc1 Rc7 27. Nd3 Re8 28. Rc2 Re6 29. b4 a6 30. Kb2 Re8 31. a3 Rb8 32. Ka2 Nd7 33. f4 Ne4 34. Ne7 Ndc5 35. Nxd5 cxd5 36. dxc5 bxc5 37. Nxc5 Nd6 38. Rd1 a5 39. Rxd5 axb4 40. axb4 Nb5 41. Rd7 Ra8+ 42. Kb2 Rac8 43. Rxc7 Rxc7 44. Rd2 Re7 45. e4 Kg7 46. e5 Ra7 47. Rd7 1-0

[Event "EWIRCC 2019"]
[Site "Monte-Carlo"]
[Date "2019.11.30"]
[Round "1.18"]
[White "Shivacheva, Donika"]
[Black "Guichard, Pauline"]
[Result "0-1"]
[ECO "C52"]
[WhiteElo "1854"]
[BlackElo "2407"]
[Annotator "NA"]
[PlyCount "48"]
[EventDate "2019.11.28"]
[EventType "swiss"]
[EventCountry "MNC"]
[SourceTitle "playchess.com"]
[Source "ChessBase"]
[SourceQuality "1"]
[TimeControl "5400+30"]

1. e4 e5 2. Nf3 Nc6 3. Bc4 Bc5 4. b4 Bxb4 5. c3 Ba5 6. Qb3 Qe7 7. d4 Bb6 8. Ba3 d6 9. dxe5 Nh6 10. exd6 Qxe4+ 11. Be2 Be6 12. Nbd2 Qg4 13. d7+ Bxd7 14. O-O O-O-O 15. c4 Rhe8 16. Rfe1 Nd4 17. Qd3 Bf5 18. Nxd4 Qxd4 19. Qxd4 Bxd4 20. Rad1 Bc3 21. Bc1 Bc2 22. Bf3 Bxd1 23. Rxd1 Bxd2 24. Bxd2 Rxd2 0-1

[Event "EWIRCC 2019"]
[Site "Monte-Carlo"]
[Date "2019.11.30"]
[Round "1.19"]
[White "Mkrtchian, Lilit"]
[Black "Berezovska, Svetlana"]
[Result "1-0"]
[ECO "A34"]
[WhiteElo "2402"]
[BlackElo "1810"]
[Annotator "NA"]
[PlyCount "51"]
[EventDate "2019.11.28"]
[EventType "swiss"]
[EventCountry "MNC"]
[SourceTitle "playchess.com"]
[Source "ChessBase"]
[SourceQuality "1"]
[TimeControl "5400+30"]

1. c4 c5 2. g3 g6 3. Bg2 Bg7 4. Nc3 Bxc3 5. bxc3 Nf6 6. e4 Nc6 7. d3 O-O 8. Bh6 Re8 9. h4 d6 10. Bf3 Qa5 11. Qd2 Bg4 12. h5 Ne5 13. Bxg4 Nexg4 14. hxg6 fxg6 15. Bf4 Nh5 16. f3 Nxf4 17. gxf4 Nf6 18. Ne2 Rf8 19. Kf2 e6 20. Rag1 Kf7 21. e5 dxe5 22. fxe5 Nh5 23. Qh6 Ke8 24. Rxh5 gxh5 25. Qxe6+ Kd8 26. Rg7 1-0

[Event "EWIRCC 2019"]
[Site "Monte-Carlo"]
[Date "2019.11.30"]
[Round "1.20"]
[White "Jose Polanco, Kenia"]
[Black "Gaponenko, Inna"]
[Result "0-1"]
[ECO "A41"]
[WhiteElo "1879"]
[BlackElo "2427"]
[Annotator "NA"]
[PlyCount "92"]
[EventDate "2019.11.28"]
[EventType "swiss"]
[EventCountry "MNC"]
[SourceTitle "playchess.com"]
[Source "ChessBase"]
[SourceQuality "1"]
[TimeControl "5400+30"]

1. d4 d6 2. Bf4 g6 3. e3 Bg7 4. Nf3 Nd7 5. Be2 e5 6. Bg3 Ne7 7. dxe5 dxe5 8. e4 O-O 9. O-O Nc6 10. Nc3 Nc5 11. Qxd8 Rxd8 12. Rad1 Bg4 13. h3 Bxf3 14. Bxf3 Nd4 15. Nd5 c6 16. Ne3 Nxf3+ 17. gxf3 Ne6 18. c3 b5 19. Kg2 f6 20. h4 Bf8 21. h5 g5 22. Nf5 Kf7 23. Ne3 Rxd1 24. Rxd1 Rd8 25. Rxd8 Nxd8 26. Ng4 Ke6 27. Kf1 Nb7 28. Ke2 Nd6 29. Kd3 Ne8 30. c4 Ng7 31. h6 Ne8 32. cxb5 cxb5 33. b3 Nd6 34. a4 bxa4 35. bxa4 Nf7 36. Kc4 Nxh6 37. Nxh6 Bxh6 38. Kb5 Bf8 39. Ka6 Bc5 40. Kb5 Bd4 41. Kc4 Bb6 42. Kd3 h5 43. f4 exf4 44. Bh2 Bxf2 45. Ke2 Bb6 46. Kf3 Ke5 0-1

[Event "EWIRCC 2019"]
[Site "Monte-Carlo"]
[Date "2019.11.30"]
[Round "5.1"]
[White "Girya, Olga"]
[Black "Rogule, Laura"]
[Result "0-1"]
[ECO "D36"]
[WhiteElo "2476"]
[BlackElo "2293"]
[Annotator "ChessBase"]
[PlyCount "136"]
[EventDate "2019.11.28"]
[EventType "swiss"]
[EventCountry "MNC"]
[SourceTitle "playchess.com"]
[Source "ChessBase"]
[SourceQuality "1"]
[TimeControl "5400+30"]

1. d4 d5 2. c4 e6 3. Nc3 Nf6 4. cxd5 exd5 5. Bg5 Be7 6. e3 Nbd7 7. Bd3 c6 8. Nf3 O-O 9. Qc2 Re8 10. h3 Nf8 11. Bf4 Bd6 12. Bxd6 Qxd6 13. O-O Be6 14. Rab1 Re7 15. b4 a6 16. Rfc1 N6d7 17. a4 Ng6 18. b5 axb5 19. axb5 c5 20. dxc5 Qxc5 21. Qd1 Qd6 22. Bxg6 hxg6 23. Qd4 Nf6 24. b6 Ra6 25. e4 Qf4 26. e5 Qxd4 27. Nxd4 Nd7 28. Ncb5 Rxb6 29. f4 f6 30. Nc7 Rxb1 31. Rxb1 Nc5 32. Ndxe6 Nxe6 33. Nxd5 Rd7 34. Nb6 Rd4 35. exf6 gxf6 36. g3 Rd3 37. Kf2 Nc5 38. Rc1 Ne4+ 39. Ke2 Rxg3 40. Rc8+ Kf7 41. Rc7+ Ke6 42. Rxb7 Rxh3 43. Nc4 Kf5 44. Rg7 Ng3+ 45. Kf2 Nh5 46. Rf7 Nxf4 47. Ne3+ Kg5 48. Ra7 f5 49. Nc4 Nd3+ 50. Kg2 Rh4 51. Nd2 Rb4 52. Nf3+ Kg4 53. Nh2+ Kf4 54. Rd7 Rb2+ 55. Kg1 Nf2 56. Rd4+ Ne4 57. Rd8 g5 58. Rd1 g4 59. Rf1+ Kg5 60. Ra1 Kh4 61. Ra8 Ng3 62. Rg8 Ne2+ 63. Kg2 Nf4+ 64. Kg1 Nh3+ 65. Kh1 Rb1+ 66. Nf1 Rxf1+ 67. Kg2 Rg1+ 68. Kh2 g3+ 0-1

[Event "EWIRCC 2019"]
[Site "Monte-Carlo"]
[Date "2019.11.30"]
[Round "5.2"]
[White "Muzychuk, Mariya"]
[Black "Daulyte-Cornette, Deimante"]
[Result "1/2-1/2"]
[ECO "B04"]
[WhiteElo "2552"]
[BlackElo "2405"]
[Annotator "ChessBase"]
[PlyCount "63"]
[EventDate "2019.11.28"]
[EventType "swiss"]
[EventCountry "MNC"]
[SourceTitle "playchess.com"]
[Source "ChessBase"]
[SourceQuality "1"]
[TimeControl "5400+30"]

1. e4 Nf6 2. e5 Nd5 3. d4 d6 4. Nf3 dxe5 5. Nxe5 c6 6. Bc4 Nd7 7. O-O Nxe5 8. dxe5 Bf5 9. Qe2 e6 10. Rd1 Qh4 11. Bd3 Bg4 12. f3 Bc5+ 13. Kh1 Bh5 14. Nc3 Nxc3 15. bxc3 O-O 16. Rb1 Qe7 17. Be3 Rfd8 18. Bxc5 Qxc5 19. Rxb7 Qxc3 20. Rb3 Qc5 21. g4 Bg6 22. Kg2 a5 23. Bxg6 hxg6 24. f4 Rd5 25. Rdd3 Rad8 26. Rbc3 Qb4 27. Kg3 Qb1 28. a3 Qg1+ 29. Kf3 Qh1+ 30. Kg3 Qg1+ 31. Kf3 Qh1+ 32. Kg3 1/2-1/2

[Event "EWIRCC 2019"]
[Site "Monte-Carlo"]
[Date "2019.11.30"]
[Round "5.3"]
[White "Batsiashvili, Nino"]
[Black "Zhukova, Natalia"]
[Result "1/2-1/2"]
[ECO "E11"]
[WhiteElo "2422"]
[BlackElo "2323"]
[Annotator "NA"]
[PlyCount "79"]
[EventDate "2019.11.28"]
[EventType "swiss"]
[EventCountry "MNC"]
[SourceTitle "playchess.com"]
[Source "ChessBase"]
[SourceQuality "1"]
[TimeControl "5400+30"]

1. Nf3 Nf6 2. d4 d5 3. c4 e6 4. g3 Bb4+ 5. Bd2 Be7 6. Bg2 O-O 7. O-O Nbd7 8. Qc2 Ne4 9. Be3 c6 10. Nc3 f5 11. Rad1 g5 12. Nxe4 fxe4 13. Ne1 h6 14. f3 Nf6 15. fxe4 dxe4 16. Bxe4 Ng4 17. Rxf8+ Qxf8 18. Ng2 e5 19. Rf1 Qg7 20. d5 Nxe3 21. Nxe3 Bc5 22. Qd3 Bh3 23. Bg2 e4 24. Qxe4 Bd7 25. Kh1 Re8 26. Nf5 Rxe4 27. Nxg7 Rxe2 28. Nh5 Bd4 29. dxc6 Bxc6 30. Bd5+ Bxd5+ 31. cxd5 Rd2 32. Nf6+ Bxf6 33. Rxf6 Rxd5 34. Rxh6 Kg7 35. Re6 Rd1+ 36. Kg2 Rd2+ 37. Kf3 Rxb2 38. h3 Rxa2 39. Re7+ Kg6 40. Ke4 1/2-1/2

[Event "EWIRCC 2019"]
[Site "Monte-Carlo"]
[Date "2019.11.30"]
[Round "5.4"]
[White "Bulmaga, Irina"]
[Black "Worek, Joanna"]
[Result "1-0"]
[ECO "B22"]
[WhiteElo "2435"]
[BlackElo "2316"]
[Annotator "NA"]
[PlyCount "93"]
[EventDate "2019.11.28"]
[EventType "swiss"]
[EventCountry "MNC"]
[SourceTitle "playchess.com"]
[Source "ChessBase"]
[SourceQuality "1"]
[TimeControl "5400+30"]

1. e4 c5 2. Be2 Nc6 3. f4 g6 4. Nf3 Bg7 5. O-O d6 6. c3 Nf6 7. d3 O-O 8. Kh1 b5 9. a3 a5 10. Be3 Rb8 11. Nbd2 b4 12. d4 bxc3 13. bxc3 cxd4 14. cxd4 e5 15. fxe5 dxe5 16. d5 Ne7 17. Nxe5 Nfxd5 18. exd5 Bxe5 19. Bg5 f6 20. Bh6 Rf7 21. Bc4 Nf5 22. Bf4 Bxf4 23. Rxf4 Kg7 24. Qf3 Rb2 25. Qc3 Rb6 26. Raf1 Ba6 27. Qxa5 Bxc4 28. Nxc4 Rd6 29. Qxd8 Rxd8 30. Rd1 Rfd7 31. d6 h5 32. a4 Kf7 33. a5 Rc8 34. Kg1 Rc6 35. g3 Ke6 36. Re4+ Kf7 37. Rd2 Kf8 38. Rd3 Kf7 39. h3 g5 40. g4 hxg4 41. hxg4 Ng7 42. Rde3 Rd8 43. Rb3 Kg6 44. Rb6 Rc5 45. a6 Ne8 46. a7 Rd5 47. Rb8 1-0

[Event "EWIRCC 2019"]
[Site "Monte-Carlo"]
[Date "2019.11.30"]
[Round "5.5"]
[White "Muzychuk, Anna"]
[Black "Guichard, Pauline"]
[Result "1-0"]
[ECO "C48"]
[WhiteElo "2543"]
[BlackElo "2407"]
[Annotator "ChessBase"]
[PlyCount "53"]
[EventDate "2019.11.28"]
[EventType "swiss"]
[EventCountry "MNC"]
[SourceTitle "playchess.com"]
[Source "ChessBase"]
[SourceQuality "1"]
[TimeControl "5400+30"]

1. e4 e5 2. Nf3 Nc6 3. Bb5 Nf6 4. d3 Bc5 5. O-O d6 6. Nc3 O-O 7. Na4 Bb6 8. Nxb6 axb6 9. Re1 Bd7 10. c3 Ne7 11. Bc4 Ba4 12. b3 Bc6 13. d4 Nxe4 14. dxe5 d5 15. Bd3 Ng6 16. Qc2 Re8 17. c4 Nc5 18. Bg5 Qb8 19. Bxg6 hxg6 20. b4 Ba4 21. Qd2 Ne4 22. Qxd5 Bc6 23. Qd4 Nxg5 24. Nxg5 Qd8 25. Qh4 Qd3 26. e6 Kf8 27. e7+ 1-0